 Dungeon Crawl Stone Soup version 0.31.0-32-g396128a36d (console) character file.

Game seed: 3076852856874094276

239 utis the Poker (level 5, 0/41 HPs)
             Began as a Demigod Gladiator on Mar 29, 2024.
             Slain by an orc
             ... wielding a +0 dagger
              (3 damage)
             ... on level 4 of the Dungeon.
             The game lasted 00:08:39 (2834 turns).

utis the Poker (Demigod Gladiator)                  Turns: 2834, Time: 00:08:40

Health: 0/41       AC:  7    Str: 19    XL:     5   Next: 49%
Magic:  7/7        EV: 11    Int: 10    God:
Gold:   134        SH:  0    Dex: 15    Spells: 4/4 levels left

rFire   . . .        a - +1 trident
rCold   . . .        (no shield)
rNeg    . . .        n - +0 ring mail
rPois   .            c - +0 helmet
rElec   .            (no cloak)
rCorr   .            (no gloves)
SInv    .            o - +0 pair of boots
Will    .....        (no amulet)
Stlth   +            (no ring)
HPRegen 0.26/turn    (no ring)
MPRegen 0.10/turn

%: no passive effects
@: no status effects
A: high MP 1, forlorn, divine attributes
a: no special abilities


You were on level 4 of the Dungeon.
You visited 1 branch of the dungeon, and saw 4 of its levels.

You collected 134 gold pieces.

Inventory:

Hand Weapons
 a - a +1 trident (weapon)
 g - a +0 halberd
Missiles
 d - 3 throwing nets (quivered)
 e - a javelin
 f - 29 stones
 m - 3 poisoned darts
Armour
 b - a +0 leather armour
 c - a +0 helmet (worn)
 n - a +0 ring mail (worn)
 o - a +0 pair of boots (worn)
Wands
 q - a wand of charming (11)
 r - a wand of flame (20)
Scrolls
 i - a scroll of identify
 j - a scroll of fog {unknown}
 k - a scroll of noise
 l - a scroll of teleportation {unknown}
 p - a scroll of blinking {unknown}
 s - a scroll of enchant weapon


   Skills:
 - Level 1.7 Fighting
 + Level 6.0 Polearms
 - Level 1.7 Throwing
 - Level 2.6 Dodging


You had 4 spell levels left.
You didn't know any spells.
Your spell library contained the following spells:

 Spells                   Type           Power      Damage    Failure   Level
 Dazzling Flash           Conj/Hex       0%         N/A       89%         3
 Mephitic Cloud           Conj/Alch/Air  0%         N/A       89%         3
 Curse of Agony           Necr           0%         N/A       100%        5
 Silence                  Hex/Air        0%         N/A       100%        5


Dungeon Overview and Level Annotations

Branches:
Dungeon (4/15)             Temple (0/1) D:4


Innate Abilities, Weirdness & Mutations

You have an increased reservoir of magic. (+10% MP)
You shall have no god before yourself.
Your divine heritage dramatically boosts your attributes as you level up.


Message History

The bullfrog croaks.
The bullfrog moves out of view.
You hear some strange, mumbled words.
You are confused.
You're too confused to move!
You closely miss the orc. The orc hits you but does no damage.
You're too confused to move!
The bullfrog hits you.
* * * LOW HITPOINT WARNING * * *
The bullfrog completely misses you. The orc closely misses you.
Something hits you.
* * * LOW HITPOINT WARNING * * *
You miss the orc. The bullfrog barely misses you. The orc misses you.
The orc closely misses you.
You bump into the rock wall.
You feel less confused.
The bullfrog hits you but does no damage. x2
The orc hits you but does no damage. Something hits you.
* * * LOW HITPOINT WARNING * * *
The orc closely misses you.
You miss something. The bullfrog hits you.
* * * LOW HITPOINT WARNING * * *
The orc barely misses you. The orc hits you but does no damage.
Something hits you but does no damage. The orc hits you but does no damage.
You hit something but do no damage. The bullfrog barely misses you.
The orc barely misses you. The bullfrog hits you.
* * * LOW HITPOINT WARNING * * *
Something hits you.
* * * LOW HITPOINT WARNING * * *
The orc barely misses you.
You puncture something! The bullfrog misses you. The orc misses you.
The orc barely misses you. Something hits you but does no damage.
The orc hits you but does no damage. The orc barely misses you.
Unknown command.
Okay, then.
As you read the scroll labelled JEURHY KAHIM, it crumbles to dust.
Wisps of shadow whirl around you...
It was a scroll of summoning.
The bullfrog hits you.
* * * LOW HITPOINT WARNING * * *
The orc hits you with a +0 dagger.
You die...

░.........!......░...
....░..░░.............
....░..░░░.➘........░░
░░░.....░.......░..... .
░..>..░░░....░..†.......░.░... .<
░......░░...░░..░░............
░.░░.......░o..░░..░......░...†.░
░.░...........o.........░░.....░
░..........o.o.S.......░░..░.░.)
░.........o...ooo.....░░..░░.░░.
.░............░op.........░░...░░
..............░░F░░..........>...
..░░.░░.<........s........░░...░░
....░ ░................░░..░░)░░.
..░.░░░.................░░..░.░..
..................░░░░...░░.....░
..░░...░░░░░......░ ░...░.....░
......░░░.░░......░ ░..........
................... .....░░...
.....░░...░.....░░░. ░...░░....
...░.░░░..░.....░ ░.░ ░░.░░░....


You could see a bullfrog (ally target), 4 orcs, a friendly scorpion (summoned),
a friendly orc priest (summoned), a friendly orc wizard (summoned), 3 friendly
orcs and a friendly ball python (summoned).

Vanquished Creatures
  A scorpion (D:4)
  A bombardier beetle (D:2)
  Natasha (twice) (D:4)
  An adder (D:2)
  3 gnolls (D:3)
  A ribbon worm (D:3)
  An orc (D:4)
  9 endoplasms
  4 giant cockroaches
  6 goblins
  6 hobgoblins
  4 jackals (D:2)
  5 kobolds
  A quokka (D:2)
  4 ball pythons
  6 bats
  A frilled lizard (D:1)
  4 rats
60 creatures vanquished.

Notes
Turn   | Place    | Note
-------+----------+-------------------------------------------
     0 | D:1      | utis the Demigod Gladiator began the quest for the Orb.
     0 | D:1      | Reached XP level 1. HP: 17/17 MP: 3/3
   105 | D:1      | Reached skill level 3 in Polearms
   382 | D:1      | Reached XP level 2. HP: 24/24 MP: 4/4
  1142 | D:2      | Reached skill level 4 in Polearms
  1142 | D:2      | Reached XP level 3. HP: 29/29 MP: 5/5
  1831 | D:2      | Reached XP level 4. HP: 36/36 MP: 6/6
  2359 | D:3      | Reached skill level 5 in Polearms
  2636 | D:4      | Found a staircase to the Ecumenical Temple.
  2679 | D:4      | Reached XP level 5. HP: 36/41 MP: 7/7
  2684 | D:4      | Noticed Natasha
  2702 | D:4      | Killed Natasha
  2805 | D:4      | Noticed Natasha
  2817 | D:4      | Killed Natasha
  2818 | D:4      | Reached skill level 6 in Polearms
  2834 | D:4      | Slain by an orc

Illustrated notes

Levels and vault maps discovered:
D:1:      spicycebolla_arrival_clurvy, layout_loops_ring, serial_park_tiny_1,
          serial_bayou_ford_a, bh_walls_and_bars
D:2:      layout_basic, dreamdust_ecumenical_altar_drowned_temple
D:3:      layout_basic, pdpol_temple_overflow_zin_treasury_gozag_greed,
          hangedman_abyss_or_decor_lesser_grid
D:4:      cheibrodos_old_hovel, layout_cave_pools, minmay_temple_entry_waves,
          serial_shops, shop, dk_noncrumbling_4, uniq_duvessa, uniq_natasha

Skill      XL: |  1  2  3  4  5 |
---------------+----------------+-----
Polearms       | 3 4 5 6 |  6.0
Fighting       | |  1.7
Throwing       | |  1.7
Dodging        | |  2.6

Action                     |  1- 3 |  4- 6 || total
---------------------------+-------+-------++-------
  Melee: Trident           |   118 |   104 ||   222
  Throw: Dart              |       |     3 ||     3
    Use: Scroll            |       |     4 ||     4
         Potion            |       |     2 ||     2
   Stab: Sleeping          |     1 |       ||     1
 Armour: Leather armour    |    14 |       ||    14
         Ring mail         |    34 |    55 ||    89
         Skin              |       |    21 ||    21
  Dodge: Dodged            |    54 |    51 ||   105
